Map: Orbital Shipyard

Players

LilDicky - Winner!

  • Race: Terran Terran
  • League: Diamond

Anemone

  • Race: Protoss Protoss
  • League: Platinum

VOD

http://www.twitch.tv/tumescentpie

Description

Time

  • Played on: Nov. 22, 2015, 8:51 p.m.
  • Length: 5:25
Show
View Real Time Build Order
Export as new Build Order

LilDicky Terran - Winner!

Build Orders:  

Get SALT Encoding   

  12  0:01  SCV  
  13  0:13  SCV  
  14  0:17  Supply Depot  
  14  0:25  SCV  
  14  0:28  Refinery  
  15  0:39  SCV  
  16  0:51  SCV  
  16  0:53  Barracks  
  17  1:03  SCV  
  18  1:18  SCV  
  19  1:27  Supply Depot  
  19  1:42  Factory  
  19  1:43  Marine  
  19  1:44  Orbital Command  
  20  2:01  Marine  
  21  2:08  Barracks  
  21  2:11  SCV, Barracks  
  22  2:16  Refinery  
  22  2:18  Marine  
  23  2:23  SCV  
  24  2:35  SCV  
  25  2:42  Supply Depot  
  25  2:47  Barracks Reactor, SCV  
  26  2:59  Widow Mine  
  26  3:00  SCV  
  26  3:02  Barracks Tech Lab x2  
  29  3:12  SCV  
  30  3:19  Supply Depot  
  29  3:24  SCV  
  30  3:27  Widow Mine  
  32  3:37  Marine  
  32  3:38  Combat Shields, Marauder x2, Marine  
  32  3:39  SCV  
  39  3:44  Supply Depot  
  39  3:55  Marine  
  42  4:06  SCV, Marine  
  42  4:07  Marauder, Marine  
  45  4:17  Starport  
  45  4:20  Concussive Shells  
  45  4:22  Marine  
  45  4:23  SCV  
  47  4:24  Marine  
  47  4:25  Marauder  
  47  4:27  Supply Depot  
  47  4:29  Marauder  
  52  4:40  Marine  
  52  4:42  Marine  
  54  4:48  Marauder, Widow Mine  
  54  4:50  Marauder  
  60  4:58  Marine  
Show
View Real Time Build Order
Export as new Build Order

Anemone Protoss 

Build Orders: Nexus First 

Get SALT Encoding   

  12  0:01  Probe (Chrono Boost)  
  13  0:14  Probe (Chrono Boost)  
  14  0:21  Pylon  
  14  0:24  Probe (Chrono Boost)  
  15  0:39  Probe (Chrono Boost)  
  16  0:51  Probe (Chrono Boost)  
  17  0:59  Nexus  
  17  1:13  Gateway  
  17  1:17  Probe (Chrono Boost), Assimilator  
  18  1:28  Probe (Chrono Boost)  
  19  1:38  Probe (Chrono Boost)  
  19  1:39  Pylon  
  20  1:46  Assimilator  
  20  1:49  Probe (Chrono Boost)  
  21  2:02  Probe (Chrono Boost)  
  21  2:03  Cybernetics Core  
  22  2:13  Probe (Chrono Boost)  
  22  2:14  Probe (Chrono Boost)  
  24  2:24  Probe x2 (Chrono Boost)  
  26  2:34  Probe (Chrono Boost)  
  26  2:35  Probe (Chrono Boost)  
  28  2:39  Nexus  
  28  2:44  Adept  
  30  2:47  Warp Gate  
  30  2:49  Probe (Chrono Boost)  
  31  3:03  Mothership Core (Chrono Boost)  
  31  3:04  Probe (Chrono Boost)  
  34  3:14  Pylon  
  34  3:15  Probe (Chrono Boost)  
  35  3:21  Probe (Chrono Boost)  
  35  3:25  Probe (Chrono Boost)  
  37  3:27  Twilight Council  
  37  3:31  Probe (Chrono Boost)  
  38  3:40  Robotics Facility  
  37  3:42  Probe (Chrono Boost)  
  37  3:43  Pylon  
  38  3:51  Stalker  
  40  4:01  Assimilator  
  38  4:04  Assimilator  
  38  4:16  Dark Shrine  
  38  4:18  Probe x2 (Chrono Boost)  
  40  4:28  Probe (Chrono Boost)  
  40  4:29  Probe (Chrono Boost)  
  41  4:33  Probe (Chrono Boost)  
  42  4:39  Probe x2 (Chrono Boost), Observer  
  42  4:43  Probe (Chrono Boost)  
  46  4:50  Probe (Chrono Boost)  
  41  5:03  Stalker  
Tags
 
Add a new tag
Caveats
  • Supply blocks, unpowered buildings, or Contaminate may cause inaccurate times.
  • Supply counts are checked every 10 seconds.